 Dungeon Crawl Stone Soup version 0.30-a0-726-gd89dcf765f (webtiles) character file.

Game seed: 17215425311561345924

40 jimonade the Sneak (level 3, -1/19 (21) HPs)
             Began as a Kobold Brigand on Jan 29, 2023.
             Slain by Crazy Yiuf
             ... wielding a +4 quarterstaff of chaos
              (5 damage)
             ... on level 2 of the Dungeon.
             The game lasted 00:01:51 (1135 turns).

jimonade the Sneak (Kobold Brigand)                 Turns: 1135, Time: 00:01:52

HP:   -1/19 (21)    AC:  4    Str:  8    XL:     3   Next: 72%
MP:   3/3           EV: 14    Int: 12    God:
Gold: 151           SH:  0    Dex: 18    Spells: 2/2 levels left

rFire   . . .      SeeInvis .    a - +2 dagger
rCold   . . .      Faith    .    (no shield)
rNeg    . . .      Spirit   .    b - +0 robe
rPois   .          Reflect  .    (no helmet)
rElec   .          Harm     .    p - +1 cloak
rCorr   .          Rampage  .    (no gloves)
Will    .....                    (no boots)
Stlth   +++++                    o - amulet of regeneration
HPRegen 1.03/turn                (no ring)
MPRegen 0.08/turn                (no ring)

@: drained
A: small, no large weapons, nightstalker 3
a: no special abilities


You were on level 2 of the Dungeon.
You visited 1 branch of the dungeon, and saw 2 of its levels.

You collected 151 gold pieces.

Inventory:

Hand Weapons
 a - a +2 dagger (weapon)
Missiles
 d - 9 poisoned darts (quivered)
 e - 3 curare-tipped darts
Armour
 b - a +0 robe (worn)
 c - a +0 cloak
 p - a +1 cloak (worn)
Magical Staves
 h - a staff of earth
Jewellery
 o - an amulet of regeneration (around neck)
Scrolls
 f - 7 scrolls of identify {unknown}
 g - a scroll of silence {unknown}
 i - 2 scrolls of enchant weapon {unknown}
 j - a scroll of enchant armour {unknown}
 l - a scroll of teleportation {unknown}
 m - 3 scrolls of blinking {unknown}
 q - a scroll of magic mapping {unknown}
Potions
 k - a potion of might {unknown}
 n - 2 potions of mutation {unknown}


   Skills:
 - Level 2.1 Fighting
 * Level 3.4 Short Blades
 - Level 2.1 Throwing
 - Level 1.2 Dodging
 + Level 6.7 Stealth


You had 2 spell levels left.
You didn't know any spells.
Your spell library was empty.

Dungeon Overview and Level Annotations

Branches:
Dungeon (2/15)

Altars:

Annotations:
D:2 Crazy Yiuf


Innate Abilities, Weirdness & Mutations

You are small and have problems with some larger weapons.
You are completely attuned to the shadows.


Message History

q - a scroll labelled WEVODW ZUNUWK A worm comes into view.
The helpless worm fails to defend itself.
You perforate the worm like a sieve!!!
You kill the worm!
i - 2 scrolls labelled BOUR OHILIM (gained 1)
Found a stone staircase leading down.
There is a stone staircase leading down here.
A rat comes into view.
Found a sling.
You see here a scroll labelled QOPRUQY YTZIA.
The helpless rat fails to defend itself.
You skewer the rat like a kebab!!!
You kill the rat!
You now have 151 gold pieces (gained 4).
f - 6 scrolls labelled QOPRUQY YTZIA (gained 1)
f - 7 scrolls labelled QOPRUQY YTZIA (gained 1)
Found a robe.
Found a runed translucent door.
Found a hammer.
You open the door.
There is an open translucent door here.
You hit Crazy Yiuf.
Crazy Yiuf is lightly wounded.
Crazy Yiuf hits you with a +4 quarterstaff of chaos!
You barely miss Crazy Yiuf.
Crazy Yiuf is lightly wounded.
You hit Crazy Yiuf but do no damage.
Crazy Yiuf is lightly wounded.
Crazy Yiuf barely misses you.
You hit Crazy Yiuf.
Crazy Yiuf is moderately wounded.
Crazy Yiuf closely misses you.
You hit Crazy Yiuf.
Crazy Yiuf is moderately wounded.
Crazy Yiuf hits you with a +4 quarterstaff of chaos!
Ouch! That really hurt!
* * * LOW HITPOINT WARNING * * *
You feel drained.
You die...

...........
##.#<....#
#.###..###
#.........
#####.####
##### #..#
#)..# #.##
#...# ##.#
#.g.# #..#
#@# #.##
♣.♣♣
####.####
♣♣.♣
....)...#
♣.♣♣
.######.##
♣♣.♣ .# ..#
♣♣.♣♣ ##
#.# ♣♣...♣
########.##
♣....♣
..(.......#
#....#


You could see Crazy Yiuf.

Vanquished Creatures
  A worm (D:2)
  4 dart slugs (D:1)
  An orc (D:2)
  2 endoplasms
  2 giant cockroaches (D:2)
  2 goblins (D:1)
  2 hobgoblins (D:1)
  A quokka (D:1)
  3 ball pythons
  6 bats
  3 frilled lizards
  3 rats
30 creatures vanquished.

Notes
Turn   | Place    | Note
-------+----------+-------------------------------------------
     0 | D:1      | jimonade the Kobold Brigand began the quest for the Orb.
     0 | D:1      | Reached XP level 1. HP: 12/12 MP: 1/1
    48 | D:1      | Reached XP level 2. HP: 17/17 MP: 2/2
   178 | D:1      | Reached skill level 6 in Stealth
   531 | D:1      | Reached XP level 3. HP: 21/21 MP: 3/3
   770 | D:2      | Found a faded altar of an unknown god.
  1125 | D:2      | Found a runed translucent door.
  1128 | D:2      | Noticed Crazy Yiuf
  1135 | D:2      | Slain by Crazy Yiuf

Illustrated notes

Levels and vault maps discovered:
D:1:      minmay_arrival_semitransparent, layout_loops_ring
D:2:      layout_basic, hellmonk_ecumenical_altar_blasted,
          uniq_crazy_yiuf_cottage

Skill      XL: |  1  2 |
---------------+-------+-----
Short Blades   | 3 |  3.4
Stealth        | 6 |  6.7
Fighting       | |  2.1
Throwing       | |  2.1
Dodging        | |  1.2

Action                     || total
---------------------------++-------
  Melee: Dagger            ||    56
   Stab: Sleeping          ||    23
 Armour: Robe              ||     6
  Dodge: Dodged            ||    27

Table legend: (Time is in decaauts)
 A = Elapsed time spent in this place.
 B = Non-inter-level travel time spent in this place.
 C = Inter-level travel time spent in this place.
 D = Time resting spent in this place.
 E = Time spent auto-exploring this place.
 F = Levels seen in this place.
 G = Mean time per level.
                   A        B        C        D        E       F      G
               +--------+--------+--------+--------+--------+-----+--------+
         Total |   1126 |   1071 |     55 |      0 |    841 |   2 |  563.0 |
       Dungeon |   1126 |   1071 |     55 |      0 |    841 |   2 |  563.0 |
               +--------+--------+--------+--------+--------+-----+--------+

Top non-repeatable levels by time:
     D:1: 752 daAuts
     D:2: 373 daAuts
